 Dungeon Crawl Stone Soup version 0.31-a0-37-g98a128e1d9 (webtiles) character file.

Game seed: 15422953013062492029

3231 pk666 the Thaumaturge (level 9, 0/45 HPs)
             Began as a Deep Elf Hedge Wizard on May 15, 2023.
             Was a Follower of Vehumet.
             Slain by a yak (13 damage)
             ... on level 8 of the Dungeon.
             The game lasted 00:26:51 (7625 turns).

pk666 the Thaumaturge (Deep Elf Hedge Wizard)       Turns: 7625, Time: 00:26:51

Health: 0/45       AC: 10    Str:  7    XL:     9   Next: 66%
Magic:  21/25      EV: 15    Int: 30    God:    Vehumet [*.....]
Gold:   277        SH:  0    Dex: 14    Spells: 22/28 levels left

rFire   . . .        F - staff of conjuration
rCold   . . .        (no shield)
rNeg    . . .        b - +0 robe
rPois   .            c - +0 hat
rElec   .            L - +0 cloak
rCorr   .            E - +0 pair of gloves
SInv    .            M - +1 pair of boots {Fly}
Will    .....        p - amulet of magic regeneration
Stlth   ++           y - +4 ring of protection
HPRegen 0.27/turn    r - +6 ring of intelligence
MPRegen 0.59/turn

%: no passive effects
@: flying, studying Armour
A: no striking features
a: Renounce Religion


You were on level 8 of the Dungeon.
You worshipped Vehumet.
Vehumet was aware of your devotion.
You visited 2 branches of the dungeon, and saw 9 of its levels.

You collected 277 gold pieces.

Inventory:

Hand Weapons
 C - a +2 dagger of venom
Armour
 b - a +0 robe (worn)
 c - a +0 hat (worn)
 E - a +0 pair of gloves (worn)
 L - a +0 cloak (worn)
 M - a +1 pair of boots of flying (worn)
Magical Staves
 F - a staff of conjuration (weapon)
Jewellery
 p - an amulet of magic regeneration (around neck)
 q - a ring of poison resistance
 r - a +6 ring of intelligence (right hand)
 u - a ring of ice
 v - a ring of positive energy
 y - a +4 ring of protection (left hand)
 G - a +6 ring of strength
Wands
 w - a wand of mindburst (4)
 B - a wand of flame (8)
 I - a wand of iceblast (7)
Scrolls
 e - 4 scrolls of vulnerability {unknown}
 g - 2 scrolls of teleportation
 h - 3 scrolls of summoning {unknown}
 j - 4 scrolls of enchant weapon {unknown}
 k - a scroll of poison {unknown}
 l - 2 scrolls of fog {unknown}
 m - 5 scrolls of amnesia {unknown}
 n - 7 scrolls of identify
 o - a scroll of fear {unknown}
 s - 6 scrolls of magic mapping {unknown}
 t - 3 scrolls of noise {unknown}
 x - 2 scrolls of enchant armour {unknown}
 H - a scroll of torment {unknown}
 K - a scroll of blinking {unknown}
 N - a scroll of immolation {unknown}
Potions
 a - a potion of degeneration {unknown}
 d - 2 potions of magic
 f - a potion of haste {unknown}
 i - a potion of heal wounds
 z - 2 potions of brilliance {unknown}
 A - 3 potions of attraction {unknown}
 D - a potion of flight {unknown}
 J - a potion of mutation {unknown}


   Skills:
 + Level 6.7 Dodging
 - Level 2.4 Stealth
 + Level 10.2 Spellcasting
 + Level 7.8 Conjurations
 - Level 1.1 Summonings
 - Level 2.0 Translocations
 + Level 7.3 Fire Magic
 - Level 2.0 Air Magic
 - Level 2.0 Poison Magic


You had 22 spell levels left.
You knew the following spells:

 Your Spells              Type           Power      Damage    Failure   Level
a - Magic Dart            Conj           100%       1d8       1%          1
b - Blink                 Tloc           54%        N/A       2%          2
c - Mephitic Cloud        Conj/Pois/Air  55%        N/A       1%          3

Your spell library contained the following spells:

 Spells                   Type           Power      Damage    Failure   Level
 Sandblast                Erth           30%        2d9       3%          1
 Beastly Appendage        Tmut           30%        N/A       3%          1
 Slow                     Hex            60%        N/A       3%          1
 Call Imp                 Summ           44%        N/A       3%          2
 Cigotuvi's Dreadful Rot  Necr/Pois/Air  46%        N/A       3%          2
 Wereblood                Tmut           15%        N/A       5%          2
 Spider Form              Tmut/Pois      21%        N/A       7%          3
 Passage of Golubria      Tloc           27%        N/A       16%         4
 Silence                  Hex/Air        10%        N/A       54%         5
 Lehudib's Crystal Spear  Conj/Erth      27%        10d7      100%        8


Dungeon Overview and Level Annotations

Branches:
Dungeon (8/15)             Temple (1/1) D:7
   Lair: D:8-11

Altars:
Ashenzari
Cheibriados
Dithmenos
Elyvilon
Fedhas
Gozag
Kikubaaqudgha
Makhleb
Nemelex Xobeh
Okawaru
Qazlal
Ru
Sif Muna
Uskayaw
Vehumet
Wu Jian
Xom
Yredelemnul
The Shining One

Shops:
D:3 =   D:6 =


Message History

Press: ? - help, Shift-Dir - straight line, f/p - yak
Aim: a yak (moderately wounded, confused, 100% to hit)
You feel a surge of power!
The magic dart hits the yak.
The yak is moderately wounded.
The yak seems less confused.
The yak closely misses you. The yak gores you!
The yak is engulfed in noxious fumes.
The yak appears confused.
Casting: Magic Dart (safe; 1% risk of failure)
Confirm with . or Enter, or press ? or * to list all spells.
You blink.
The yak attacks as you move away! The yak gores you!
You feel stable enough to blink again.
The yak bellows!
Casting: Blink (safe; 2% risk of failure)
Confirm with . or Enter, or press ? or * to list all spells.
You blink.
The yak gores you!
* * * LOW HITPOINT WARNING * * *
The yak gores itself but does no damage.
Casting: Blink (safe; 2% risk of failure)
Confirm with . or Enter, or press ? or * to list all spells.
You are still too unstable to blink.
The yak gores you but does no damage.
You feel stable enough to blink again.
Casting: Blink (safe; 2% risk of failure)
Confirm with . or Enter, or press ? or * to list all spells.
Aiming: Mephitic Cloud (safe; 1% risk of failure)
Press: ? - help, Shift-Dir - straight line, f/p - yak
Aim: a yak (moderately wounded, chance to affect: 67%)
You feel a surge of power!
The ball explodes into a vile cloud!
The stinking cloud engulfs the yak but does no damage.
The yak is moderately wounded.
The stinking cloud engulfs the yak but does no damage.
The yak is lightly wounded.
The stinking cloud engulfs the yak but does no damage. x2
The yak seems less confused.
The yak is engulfed in noxious fumes.
The yak appears confused.
The yak is engulfed in noxious fumes. x3
The yak appears confused.
The yak misses you. The yak attacks as you move away! The yak gores you!
You die...

#################################
.......#....#......##......##....
#..#.[.#..#.#.....##..##..##..##.
...#.#....#.#.#..##..##..##...##.
##...#..#.#...#.##..##..##.......
........#.....#.)..##.........#..
#..............###†.<...###.#..##
###.............#Y☼§#..## #...##
##...###........@YY§#...# ##..# #
#...## #.......#.Y§○....####..###
...## #..#...####....#..........
.Y.# #..#..## #....###..#####..
.... #..#...# #...## ##..######
.........#..## #..## #....###.
....###K.#.. ##.## #........
.)..# #.... #..# #........ #...#
#.)####..# #........


You could see 4 yaks.

Vanquished Creatures
  Maggie (D:6)
  Grinder (D:6)
  2 yaks (D:8)
  Eustachio (D:6)
  Edmund (D:6)
  Menkaure (D:5)
  A water moccasin (D:6)
  A black bear (D:5)
  2 ice beasts
  An ogre (D:6)
  3 centaurs
  Blork the orc (D:5)
  3 kobold brigands
  3 bullfrogs
  6 hounds
  3 orc priests (D:6)
  A gnoll bouda (D:5)
  7 iguanas
  Ijyb (D:5)
  3 orc wizards
  A sleepcap (D:6)
  20 gnolls
  2 adders (D:5)
  A white imp (D:7)
  2 worms
  A dart slug (D:1)
  8 orcs
  5 ball pythons
  2 endoplasms
  2 giant cockroaches (D:1)
  4 goblins
  5 hobgoblins
  7 quokkas
  3 bats
  5 frilled lizards
  15 kobolds
  4 rats
130 creatures vanquished.

Notes
Turn   | Place    | Note
-------+----------+-------------------------------------------
     0 | D:1      | pk666 the Deep Elf Hedge Wizard began the quest for the
                  | Orb.
     0 | D:1      | Reached XP level 1. HP: 10/10 MP: 7/7
   316 | D:1      | Reached XP level 2. HP: 15/15 MP: 7/9
  1642 | D:2      | Learned a level 2 spell: Blink
  2042 | D:3      | Reached XP level 3. HP: 19/19 MP: 9/11
  2046 | D:3      | Learned a level 3 spell: Mephitic Cloud
  2110 | D:3      | Reached skill level 5 in Spellcasting
  2454 | D:3      | Found Juirphuvi's Jewellery Boutique.
  2735 | D:4      | Reached XP level 4. HP: 24/24 MP: 11/13
  2774 | D:4      | Reached skill level 1 in Fire Magic
  2774 | D:4      | Reached skill level 1 in Poison Magic
  2780 | D:4      | Reached skill level 1 in Air Magic
  2842 | D:4      | Found a sparkling altar of Nemelex Xobeh.
  2914 | D:4      | Reached XP level 5. HP: 27/28 MP: 10/14
  3147 | D:5      | Entered Level 5 of the Dungeon
  3147 | D:5      | Noticed Blork the orc
  3172 | D:5      | Noticed Ijyb
  3183 | D:5      | Killed Ijyb
  3256 | D:5      | Noticed an ice beast
  3370 | D:5      | Killed an ice beast
  3371 | D:5      | Reached skill level 6 in Spellcasting
  3371 | D:5      | Reached XP level 6. HP: 29/32 MP: 1/17
  3550 | D:5      | Noticed Menkaure
  3564 | D:5      | Killed Menkaure
  3651 | D:5      | Reached XP level 7. HP: 36/36 MP: 17/19
  3654 | D:5      | Reached skill level 7 in Spellcasting
  4352 | D:5      | Killed Blork the orc
  4353 | D:5      | Reached skill level 5 in Conjurations
  4641 | D:6      | Reached XP level 8. HP: 41/41 MP: 16/21
  4660 | D:6      | Found Quckion's Jewellery Shop.
  4843 | D:6      | Noticed Eustachio
  4867 | D:6      | Killed Eustachio
  4868 | D:6      | Reached skill level 8 in Spellcasting
  4868 | D:6      | Reached skill level 5 in Fire Magic
  4989 | D:6      | Noticed Maggie
  4992 | D:6      | Noticed Edmund
  5097 | D:6      | Noticed Grinder
  5104 | D:6      | Killed Grinder
  5400 | D:6      | Killed Edmund
  5401 | D:6      | Reached skill level 5 in Dodging
  5401 | D:6      | Reached skill level 9 in Spellcasting
  5549 | D:6      | Killed Maggie
  5550 | D:6      | Reached XP level 9. HP: 45/45 MP: 13/24
  6000 | D:7      | Found a staircase to the Ecumenical Temple.
  6009 | Temple   | Entered the Ecumenical Temple
  6132 | Temple   | Became a worshipper of Vehumet
  6421 | D:7      | Found a white marble altar of Elyvilon.
  7524 | D:8      | Reached skill level 10 in Spellcasting
  7595 | D:8      | Reached * piety under Vehumet
  7595 | D:8      | Offered knowledge of Sandblast by Vehumet.
  7625 | D:8      | Slain by a yak

Illustrated notes

Levels and vault maps discovered:
D:1:      nzn_arrival_depleted_hourglass, layout_basic
D:2:      layout_basic
D:3:      layout_basic, serial_shops, nicolae_shop_just_a_little_nook
D:4:      layout_rooms, mainiacjoe_overflow_catwalk
D:5:      layout_cave_pods, minmay_misc_feat_diagonals, saegor_snake_ambush,
          uniq_menkaure, uniq_ijyb, uniq_blork_the_orc
D:6:      layout_rooms, serial_shops, nicolae_shop_behind_doors,
          minmay_fractal_squares_5, uniq_grinder, uniq_edmund, uniq_eustachio,
          uniq_maggie
D:7:      layout_layer_cave, general_overflow_altar, minmay_temple_entry_waves,
          reono_crystal_passage, minmay_manual_mares
D:8:      minmay_thinvault, layout_layer_cave,
          chequers_temple_overflow_minitemple
Temple:   minmay_crystal_spiral_temple

Skill      XL: |  1  2  3  4  5  6  7  8  9 |
---------------+----------------------------+-----
Conjurations   | 2 3 4 5 6 7 |  7.8
Translocations | 2 |  2.0
Spellcasting   | 5 6 7 9 10 | 10.2
Fire Magic     | 1 2 3 4 6 7 |  7.3
Poison Magic   | 1 2 |  2.0
Air Magic      | 1 2 |  2.0
Dodging        | 3 5 6 |  6.7
Stealth        | |  2.4
Summonings     | |  1.1

Action                     |  1- 3 |  4- 6 |  7- 9 || total
---------------------------+-------+-------+-------++-------
  Melee: Dagger            |     1 |       |     1 ||     2
         Staff             |       |       |     1 ||     1
   Cast: Magic Dart        |    93 |   131 |   400 ||   624
         Mephitic Cloud    |       |     5 |    42 ||    47
         Blink             |       |     6 |     6 ||    12
  Evoke: Wand              |       |       |     3 ||     3
    Use: Scroll            |       |     2 |     1 ||     3
         Potion            |       |       |     4 ||     4
 Armour: Robe              |     1 |     6 |    28 ||    35
  Dodge: Dodged            |    12 |    13 |    81 ||   106

Table legend: (Time is in decaauts)
 A = Elapsed time spent in this place.
 B = Non-inter-level travel time spent in this place.
 C = Inter-level travel time spent in this place.
 D = Time resting spent in this place.
 E = Time spent auto-exploring this place.
 F = Levels seen in this place.
 G = Mean time per level.
                   A        B        C        D        E       F      G
               +--------+--------+--------+--------+--------+-----+--------+
         Total |   7657 |   7336 |    321 |   1004 |   4865 |   9 |  850.8 |
       Dungeon |   7443 |   7205 |    238 |   1004 |   4754 |   8 |  930.4 |
        Temple |    213 |    130 |     83 |      0 |    111 |   1 |  213.0 |
               +--------+--------+--------+--------+--------+-----+--------+

Top non-repeatable levels by time:
     D:5: 1376 daAuts
     D:6: 1357 daAuts
     D:7: 1288 daAuts
     D:1: 1142 daAuts
     D:2: 861 daAuts
     D:3: 694 daAuts
     D:4: 466 daAuts
     D:8: 256 daAuts
  Temple: 213 daAuts
